Unix xNetHack Version 8.0.0 - last build Jan 14 2024 16:46:22 (be4d3c81716514284228e1a23197c27ddb32b841). Game began 2024-03-09 22:16:49, ended 2024-03-09 22:34:13. Catomat, neutral female human Wizard -- |. |.- --.| |..---- --....--- -- |..*....| -- .- --. |.......-- .....- ---....@.G..%%.G.....--- -......................- -. ---.--...--...........| -- |...|--....-- ...| --.-- --...- -- ... -... ---- -.-- .* -- Catomat the Conjurer St:10 Dx:16 Co:16 In:18 Wi:9 Ch:7 Neutral S:711 Dlvl:4 $:33 HP:0(40) Pw:8(34) AC:6 Xp:4/132 T:1874 Hungry Latest messages: The gnome lord picks up a dagger. x - a scroll labeled XOR OTA {5}. There are a few more objects here. There is a dwarf corpse here; eat it? [ynq] (n) In what direction? The spell hits the gnome! You kill the gnome! But wait... The gnome's medallion begins to glow! The gnome looks much better! The medallion crumbles to dust! You are beginning to feel hungry. You don't have enough energy to cast that spell. You smack the gnome! The gnome lord wields a dagger! You don't have enough energy to cast that spell. You kill the gnome! The gnome throws a copper dart! You are hit by a copper dart. You don't have enough energy to cast that spell. You bash the gnome lord! The gnome lord drinks a pink potion! The gnome lord looks completely healed. You don't have enough energy to cast that spell. You hit the gnome lord. The gnome lord thrusts his dagger. The gnome lord stabs you! The gnome throws a copper dart! A copper dart misses you. You don't have enough energy to cast that spell. The gnome lord picks up a copper dart. The gnome throws a copper dart! The copper dart misses the gnome lord. You are hit by a copper dart. You don't have enough energy to cast that spell. You hit the gnome lord. The gnome lord thrusts his dagger. The gnome lord pierces you! You don't have enough energy to cast that spell. You strike the gnome lord. The gnome lord thrusts his dagger. The gnome lord gores you! The gnome lord zaps a wand of magic missile! The magic missile hits you! You die... Do you want your possessions identified? [ynq] (y) Do you want to see your attributes? [ynq] (y) Do you want an account of creatures vanquished? [ynaq] (y) Do you want to see your conduct and achievements? [ynq] (y) Do you want to see the dungeon overview? [ynq] (y) Inventory: Inventory: 361/700 weight (19/52 slots) Coins $ - 33 gold pieces {1} Amulets j - a cursed gold amulet of change {34} Weapons o - 11 +0 darts (at the ready) {11} r - a cursed +0 elven dagger {10} a - a blessed +1 quarterstaff (weapon in hands) {40} Armor b - an uncursed +0 cloak of magic resistance {10} h - an uncursed +1 cloak of protection (being worn) {8} Comestibles t - 4 uncursed bananas {8} n - an uncursed eucalyptus leaf {1} k - an uncursed tripe ration {10} Scrolls x - a cursed scroll of punishment {5} Spellbooks f - an uncursed spellbook of clairvoyance {40} c - a blessed spellbook of force bolt {35} e - an uncursed spellbook of haste self {45} d - a blessed spellbook of magic missile {40} Potions p - an uncursed potion of levitation {20} l - an uncursed potion of object detection {20} m - an uncursed potion of sleeping {20} Tools g - a magic marker (0:84) {2} w - an uncursed tallow candle {2} Catomat the Wizard's attributes: Background: You were a Conjurer, a level 4 female human Wizard. You were neutral, on a mission for Thoth who was opposed by Ptah (lawful) and Anhur (chaotic). You were heterosexual. You were in the Gnomish Mines, on level 4. You entered the dungeon 1874 turns ago. It was nighttime. There was a new moon in effect when your adventure ended. You had 132 experience points, 28 more were needed to attain level 5. Your score was 711 before end-of-game adjustments. Basics: You had 0 out of 40 hit points. You had 8 out of 34 energy points (spell power). Your armor class was 6. Your wallet contained 33 zorkmids. Autopickup was on for '$"?!=/' plus thrown. Final Characteristics: Your strength was 10 (limit:18/100). Your dexterity was 16 (limit:18). Your constitution was 16 (limit:18). Your intelligence was 18 (limit:18). Your wisdom was 9 (limit:18). Your charisma was 7 (limit:18). Final Status: You were hungry. You were unencumbered. You were wielding a quarterstaff. You had basic skill with quarterstaff. Final Attributes: You were devoutly aligned. You were protected. You are dead. Miscellaneous: You never encountered a bones level. Total elapsed playing time was 17 minutes and 22 seconds. Major events: Turn 1: Catomat the neutral female human Wizard entered the dungeon 677: attained the rank of Conjurer (level 3) 855: entered the Gnomish Mines 1874: killed by a magic missile zapped by a gnome lord Vanquished creatures: a kitten 2 dwarves 2 orc zombies 2 dwarf zombies a hobbit 4 gnomes a gnome zombie a gecko 2 jackals a fox 2 kobolds 2 goblins 3 sewer rats 5 grid bugs 6 lichens a kobold zombie 36 creatures vanquished. No species were genocided or became extinct. Voluntary challenges: You read items or engraved 1 time. You never genocided any monsters. You never polymorphed an object. You never changed form. You never touched an artifact. You used no wishes. You never scared an enemy with impunity. You were celibate. You never generated conflict. Achievements: You attained the rank of Conjurer. You entered the Gnomish Mines. Dungeon overview: The Dungeons of Doom: levels 1 to 4 Level 1: A tree. Level 2: An altar, a sink, a grave. Level 3: "dig hint 58W 8S" A fountain. Stairs down to The Gnomish Mines. Level 4: The Gnomish Mines: Level 4: <- You were here. Final resting place for you, killed by a magic missile zapped by a gnome lord. Game over: __________ / \ / REST \ / IN \ / PEACE \ / \ | Catomat | | 33 Au | | killed by a | | magic missile | | zapped by a | | gnome lord | | 2024 | *| * * * | * _________)/\\_//(\/(/\)/\//\/|_)_______ Goodbye Catomat the Wizard... You died in The Gnomish Mines on dungeon level 4 with 708 points, and 33 pieces of gold, after 1874 moves. You were level 4 with a maximum of 40 hit points when you died.